 Dungeon Crawl Stone Soup version 0.23.2-40-g277498a001 (webtiles) character file.

Game seed: 3755671100438026902

50300 MalarOregon the Martial Artist (level 14, -1/118 HPs)
             Began as a Merfolk Transmuter on Aug 18, 2019.
             Was an Initiate of Gozag.
             Slain by a death yak (30 damage)
             ... on level 6 of the Lair of Beasts on Aug 19, 2019.
             The game lasted 01:16:16 (27851 turns).

MalarOregon the Martial Artist (MfTm)              Turns: 27851, Time: 01:16:17

Health: -1/118     AC:  2    Str: 19    XL:     14   Next: 54%
Magic:  26/26      EV: 34    Int: 14    God:    Gozag
Gold:   4621       SH:  2    Dex: 19    Spells: 3/29 levels left

rFire    . . .     SeeInvis .     - Unarmed
rCold    . . .     Gourm    .   (shield currently unavailable)
rNeg     . . .     Faith    .   (armour currently unavailable)
rPois    x         Spirit   .   (helmet currently unavailable)
rElec    .         Reflect  +   (cloak currently unavailable)
rCorr    .         Harm     .   (gloves currently unavailable)
MR       +....                  (boots currently unavailable)
Stlth    +++++.....             w - +2 amulet of reflection
HPRegen  0.29/turn              H - +5 ring of strength
MPRegen  0.20/turn              j - +2 ring of evasion

@: spider-form, gold aura
A: tiny, (change form in water), (swift swim), (stealthy swim)
a: End Transformation, Potion Petition, Call Merchant, Bribe Branch, Renounce
Religion


You were on level 6 of the Lair of Beasts.
You worshipped Gozag.
Gozag was most pleased with you.
You were not hungry.
You were a venomous arachnid creature.
You visited 3 branches of the dungeon, and saw 18 of its levels.
You also visited: Sewer and Ice Cave.

You collected 4659 gold pieces.
You paid 38 gold pieces to Gozag.

Inventory:

Hand Weapons
 A - a +3 blowgun
   (You took it off Sonja on level 11 of the Dungeon)
 L - the +2 trident of the Exiled Souls {pierce, Str+2 Int+3, unknown}
   (You found it on level 2 of the Lair of Beasts)

   It inflicts extra damage upon your enemies.
   It affects your strength (+2).
   It affects your intelligence (+3).
 M - a +0 demon blade of draining
   (You found it in an ice cave)
Missiles
 a - 304 arrows
 G - 7 curare-tipped needles {!f}
Armour
 i - a +0 helmet (melded)
   (You found it on level 1 of the Dungeon)
 r - a +0 cloak (melded)
   (You found it on level 8 of the Dungeon)
 y - the +0 leather armour of Darkness (melded) {rElec rC+ Str+4}
   (You found it on level 6 of the Dungeon)

   It affects your strength (+4).
   It protects you from cold.
   It insulates you from electricity.
 E - a +0 pair of boots (melded)
   (You found it on level 7 of the Dungeon)
 F - a +0 buckler (melded)
   (You found it on level 8 of the Dungeon)
 J - a +2 pair of gloves (melded)
   (You found it on level 2 of the Lair of Beasts)
 K - a +2 shield
   (You found it on level 3 of the Lair of Beasts)
Jewellery
 f - an uncursed ring of stealth
   (You found it on level 5 of the Dungeon)
 j - a +2 ring of evasion (right front leg)
   (You found it on level 1 of the Dungeon)
 w - a +2 amulet of reflection (around neck)
   (You found it on level 6 of the Dungeon)
 H - a +5 ring of strength (left front leg)
   (You found it on level 6 of the Dungeon)
 N - a +1 ring of evasion
   (You found it on level 3 of the Lair of Beasts)
 P - an uncursed ring of poison resistance {unknown}
   (You found it on level 3 of the Lair of Beasts)
 Q - a +5 ring of dexterity {unknown}
   (You found it on level 3 of the Lair of Beasts)
 V - an uncursed ring of protection from magic {unknown}
   (You found it on level 5 of the Lair of Beasts)
Wands
 d - a wand of iceblast (7)
   (You found it on level 11 of the Dungeon)
 t - a wand of flame (66)
   (You found it on level 9 of the Dungeon)
 u - a wand of paralysis (14)
   (You found it on level 7 of the Dungeon)
 v - a wand of digging (5)
   (You found it on level 6 of the Lair of Beasts)
 I - a wand of polymorph (25)
   (You found it on level 1 of the Lair of Beasts)
Scrolls
 b - a scroll of fog
 c - 10 scrolls of remove curse {@r2}
 g - 7 scrolls of identify {@r1}
 h - 7 scrolls of teleportation {@r4}
 C - 3 scrolls of enchant armour
 O - a scroll of blinking
 R - 2 scrolls of magic mapping {unknown}
 U - 2 scrolls of random uselessness {unknown}
 W - a scroll of acquirement {unknown}
 X - 4 scrolls of fear
Potions
 k - a potion of berserk rage
 l - 4 potions of mutation {!q}
 m - 6 potions of might
 n - 3 potions of heal wounds {@q2}
 o - 6 potions of haste {@q3}
 p - a potion of invisibility
 q - 3 potions of curing {@q1}
 s - 5 potions of flight
 z - 4 potions of lignification {!q}
 B - 2 potions of brilliance
 D - a potion of magic
 S - 2 potions of ambrosia
 T - a potion of resistance
Comestibles
 e - 17 rations {!d}


   Skills:
 * Level 13.3 Fighting
 + Level 11.6 Dodging
 + Level 10.4 Stealth
 - Level 4.0 Shields
 * Level 13.7 Unarmed Combat
 + Level 8.4 Spellcasting
 + Level 11.5 Transmutations


You had 3 spell levels left.
You knew the following spells:

 Your Spells              Type           Power        Failure   Level  Hunger
a - Petrify               Tmut/Erth      ###.....     28%         4    ####...
b - Blade Hands           Tmut           #####.....   11%         5    #####..
c - Irradiate             Conj/Tmut      ###.......   54%         5    #####..
d - Alistair's Intoxicat  Tmut/Pois      ###.....     54%         5    #####..
q - Passwall              Tmut/Erth      ###.....     8%          2    None
s - Sticks to Snakes      Tmut           #####...     1%          2    None
x - Spider Form           Tmut/Pois      ###.......   12%         3    ##.....

Your spell library contained the following spells:

 Spells                   Type           Power        Failure   Level  Hunger
 Beastly Appendage        Tmut           #####.       1%          1    None
 Ignite Poison            Fire/Tmut/Pois ###.....     21%         3    ##.....
 Sandblast                Erth           #.....       28%         1    None
 Sublimation of Blood     Necr           #.........   38%         2    None
 Stone Arrow              Conj/Erth      #.....       58%         3    ##.....
 Ice Form                 Ice/Tmut       ###.....     28%         4    ####...
 Lee's Rapid Deconstruct  Erth           #.........   99%         5    #####..


Dungeon Overview and Level Annotations

Branches:
Dungeon (11/15)            Temple (1/1) D:5            Lair (6/6) D:11
 Shoals (0/4) Lair:3       Spider (0/4) Lair:4        Slime (0/5) Lair:6
    Orc (0/2) D:9

Altars:
Ashenzari
Cheibriados
Dithmenos
Elyvilon
Fedhas
Gozag
Hepliaklqana
Kikubaaqudgha
Makhleb
Nemelex Xobeh
Okawaru
Qazlal
Ru
Sif Muna
Trog
Uskayaw
Vehumet
Wu Jian
Xom
Yredelemnul
Zin
The Shining One

Annotations:
D:8 3 runed translucent doors, nano's ghost, novice SpEE
Lair:2 exclusion: oklob plant
Lair:4 2 transporters, raetorn's ghost, journeyman FoFi


Message History

You bite the death yak!
The death yak looks as sick as possible!
You bite the death yak! You bite the death yak!
The death yak is poisoned.
You hit the death yak. The death yak gores you!
You bite the death yak! The death yak misses you.
You bite the death yak!
The death yak looks as sick as possible!
You bite the death yak! The death yak completely misses you.
You barely miss the death yak. The death yak gores you!!
You bite the death yak! The death yak gores you!!
* * * LOW HITPOINT WARNING * * *
You bite the death yak!
You kill the death yak!
You barely miss the death yak. You block the death yak's attack.
Unknown command.
You maul the death yak!!
The death yak looks as sick as possible!
The death yak misses you.
Unknown command.
You bite the death yak!
You kill the death yak!
You hit the death yak but do no damage. The death yak barely misses you.
You bite the death yak! The death yak gores you!
* * * LOW HITPOINT WARNING * * *
You bite the death yak!
The death yak is poisoned.
You bite the death yak!
The death yak looks as sick as possible!
The death yak completely misses you.
You bite the death yak!
The death yak looks as sick as possible!
The death yak completely misses you.
You bite the death yak!
The death yak looks as sick as possible!
The death yak completely misses you.
You maul the death yak!!
You kill the death yak!
You hit the death yak. The death yak barely misses you.
You hit the death yak but do no damage.
The death yak is poisoned.
The death yak barely misses you.
You bite the death yak!
The death yak looks as sick as possible!
You hit the death yak.
The death yak looks as sick as possible!
The death yak barely misses you.
You maul the death yak!!
The death yak looks as sick as possible!
The death yak gores you!!
You die...
Your body crumbles into a pile of gold.

.#....###........................
###...###.............P..........
##....##.............P##........#
....................####.........
....>......##....#### #.........
............##..## #........#
##.....##..###### #####.......#
##....###..# ######.##........#
##.....##.P# #s#.##.##........#
...........# ##Y..#.#..........
..........## #.....#.....#....#
.........## ###................#
)......### ##.............#P####
....(..######.........#....### #
..#..####)#.......#....##.P#####.
...#...#.......#.#.#..#.#..P....#
................##...####........


You could see a death yak.

Vanquished Creatures
  4 hydras
  9 death yaks
  Sonja (D:11)
  An unseen horror (D:8)
  An orange crystal statue (D:10)
  3 ugly things
  A cyclops (D:11)
  4 black mambas
  6 elephants
  8 spiny frogs
  A gargoyle (D:10)
  3 ice statues (IceCv)
  A torpor snail (Lair:2)
  A rime drake (Lair:5)
  A yaktaur (D:11)
  5 komodo dragons
  A jumping spider (Lair:4)
  4 polar bears
  23 blink frogs
  7 dream sheep (Lair:6)
  7 hornets
  7 hippogriffs
  2 redbacks (Lair:4)
  19 yaks
  13 spriggans (Lair:6)
  3 wyverns
  2 basilisks
  A human (D:8)
  4 hogs (D:8)
  A soldier ant (D:10)
  10 water moccasins
  15 porcupines
  3 orc warriors
  9 ice beasts
  A hornet zombie (D:10)
  A necrophage (D:10)
  3 sky beasts
  6 black bears
  2 phantoms
  4 boggarts (Lair:6)
  6 ogres
  4 centaurs
  12 crocodiles
  34 wolves
  A big kobold (D:8)
  19 bullfrogs
  2 gnoll sergeants
  3 scorpions
  3 wights (D:9)
  4 killer bees (D:9)
  4 electric eels
  A howler monkey (D:7)
  2 crimson imps
  5 hounds
  3 quasits
  7 jellies
  2 bullfrog skeletons
  3 centaur zombies
  12 orc priests
  17 orc wizards
  2 centaur skeletons
  2 iguanas
  Terence (D:2)
  15 worker ants
  Natasha (thrice) (D:2)
  2 hound skeletons
  Robin (D:2)
  14 gnolls
  A howler monkey skeleton (D:4)
  10 adders
  2 shadow imps
  2 adder zombies
  An adder skeleton (D:8)
  4 worms (D:3)
  14 leopard geckos
  48 orcs
  7 giant cockroaches
  17 goblins
  9 hobgoblins
  17 jackals
  5 quokkas
  5 ball pythons
  6 bats
  13 frilled lizards
  13 kobolds
  A quokka skeleton (D:4)
  10 rats
  A fungus (Lair:4)
568 creatures vanquished.

Vanquished Creatures (collateral kills)
  A bullfrog (D:9)
  A killer bee (D:9)
  An adder (D:1)
  An orc (D:9)
4 creatures vanquished.

Vanquished Creatures (others)
  15 fungi
  8 plants
23 creatures vanquished.

Grand Total: 595 creatures vanquished

Notes
Turn   | Place    | Note
-------+----------+-------------------------------------------
     0 | D:1      | MalarOregon the Merfolk Transmuter began the quest for the
                  | Orb.
     0 | D:1      | Reached XP level 1. HP: 15/15 MP: 3/3
   168 | D:1      | Reached XP level 2. HP: 21/21 MP: 5/5
   542 | D:1      | Learned a level 2 spell: Sticks to Snakes
   736 | D:1      | Reached XP level 3. HP: 27/27 MP: 6/6
  1180 | D:2      | Learned a level 3 spell: Spider Form
  1373 | D:2      | Noticed Robin
  1385 | D:2      | Killed Robin
  1385 | D:2      | Reached skill level 1 in Stealth
  1497 | D:2      | Reached XP level 4. HP: 33/33 MP: 3/7
  1812 | D:2      | Noticed Natasha
  1820 | D:2      | Killed Natasha
  2034 | D:2      | Reached XP level 5. HP: 39/39 MP: 1/8
  2159 | D:2      | Noticed Natasha
  2178 | D:2      | HP: 2/40 [Natasha (8)]
  2179 | D:2      | Killed Natasha
  2539 | D:2      | Noticed Natasha
  2547 | D:2      | Killed Natasha
  2643 | D:3      | Noticed Terence
  2655 | D:2      | Killed Terence
  3145 | D:2      | Reached XP level 6. HP: 20/47 MP: 0/10
  3767 | D:3      | Reached skill level 5 in Unarmed Combat
  3814 | D:3      | Found a shadowy altar of Dithmenos.
  4163 | D:3      | Reached XP level 7. HP: 35/53 MP: 11/11
  4442 | D:4      | Found a glowing drain.
  4699 | Sewer    | Entered a sewer
  6133 | D:4      | Found a shattered altar of Ashenzari.
  6209 | D:4      | Reached XP level 8. HP: 33/61 MP: 8/12
  6284 | D:4      | Reached skill level 5 in Fighting
  6622 | D:5      | Entered Level 5 of the Dungeon
  6674 | D:5      | Found a burning altar of Makhleb.
  6955 | D:4      | Learned a level 2 spell: Passwall
  6960 | D:4      | Learned a level 4 spell: Petrify
  7204 | D:4      | Reached skill level 5 in Dodging
  7333 | D:5      | Found a stormy altar of Qazlal.
  7333 | D:5      | Found an opulent altar of Gozag.
  7728 | D:5      | Became a worshipper of Gozag Ym Sagoz the Greedy
  7758 | D:5      | Reached skill level 5 in Transmutations
  7803 | D:5      | Found a staircase to the Ecumenical Temple.
  7819 | Temple   | Entered the Ecumenical Temple
  8618 | D:6      | Reached XP level 9. HP: 69/69 MP: 8/15
  8704 | D:6      | Got a distressingly furry leather armour
  9092 | D:6      | Found a shimmering altar of Xom.
  9472 | D:7      | Reached skill level 5 in Stealth
  9913 | D:7      | Identified the +0 leather armour of Darkness {rElec rC+
                  | Str+4} (You found it on level 6 of the Dungeon)
 10272 | D:8      | Found an ancient bone altar of Kikubaaqudgha.
 10385 | D:8      | Reached XP level 10. HP: 57/80 MP: 13/17
 10758 | D:8      | Reached skill level 5 in Spellcasting
 10827 | D:8      | Found a runed translucent gate.
 10828 | D:8      | Found a runed translucent gate.
 10828 | D:8      | Found a runed translucent gate.
 10828 | D:8      | Noticed a kobold demonologist
 10829 | D:8      | Noticed nano's ghost (novice SpEE)
 10860 | D:8      | Reached skill level 1 in Shields
 11357 | D:8      | Killed an unseen horror
 11585 | D:8      | Identified the +9 short sword of Chance {venom, Dex+6}
 11702 | D:8      | Found a hazy altar of Hepliaklqana.
 12459 | D:9      | Found a stormy altar of Qazlal.
 12609 | D:9      | Found a staircase to the Orcish Mines.
 13004 | D:10     | Entered Level 10 of the Dungeon
 13052 | D:10     | Noticed a gargoyle
 13104 | D:10     | Killed a gargoyle
 13318 | D:10     | Noticed an orange crystal statue
 13351 | D:10     | Reached XP level 11. HP: 77/89 MP: 15/19
 13555 | D:10     | Learned a level 5 spell: Blade Hands
 13578 | D:10     | Killed an orange crystal statue
 14355 | D:11     | Noticed a cyclops
 14358 | D:11     | Noticed a purple ugly thing
 14367 | D:11     | Killed a cyclops
 14367 | D:11     | Reached skill level 10 in Unarmed Combat
 14374 | D:11     | Killed a purple ugly thing
 15263 | D:11     | Found a staircase to the Lair.
 15346 | D:11     | Noticed Sonja
 15352 | D:11     | Killed Sonja
 15352 | D:11     | Reached skill level 10 in Fighting
 15413 | Lair:1   | Entered Level 1 of the Lair of Beasts
 16435 | Lair:2   | Reached XP level 12. HP: 97/97 MP: 21/21
 16507 | Lair:2   | Got a fine trident
 17038 | Lair:2   | Found a glowing silver altar of Zin.
 17863 | Lair:3   | Noticed a four-headed hydra
 17874 | Lair:3   | Killed a four-headed hydra
 17900 | Lair:3   | Found a staircase to the Shoals.
 18037 | Lair:3   | Found a frozen archway.
 18399 | IceCv    | Entered an ice cave
 19724 | Lair:3   | Reached skill level 10 in Dodging
 20040 | Lair:3   | Reached XP level 13. HP: 81/106 MP: 23/23
 20112 | Lair:3   | Reached skill level 10 in Transmutations
 20723 | Lair:4   | Found a transporter.
 20730 | Lair:4   | Noticed raetorn's ghost (journeyman FoFi)
 21032 | Lair:4   | Learned a level 5 spell: Irradiate
 21038 | Lair:4   | Learned a level 5 spell: Alistair's Intoxication
 21543 | Lair:4   | Found a transporter.
 21915 | Lair:4   | Found a hole to the Spider Nest.
 24071 | Lair:6   | Entered Level 6 of the Lair of Beasts
 25515 | Lair:6   | Found a staircase to the Slime Pits.
 25604 | Lair:6   | Reached XP level 14. HP: 85/116 MP: 26/26
 25641 | Lair:6   | HP: 2/116 [blink frog (16)]
 25924 | Lair:6   | Reached skill level 10 in Stealth
 26454 | Lair:6   | HP: 3/118 [spriggan/+0 short sword (17)]
 27851 | Lair:6   | Slain by a death yak

Skill      XL: |  1  2  3  4  5  6  7  8  9 10 11 12 13 14 |
---------------+-------------------------------------------+-----
Dodging        | 3 4 5 6 7 8 10 11 | 11.6
Fighting       | 2 3 4 6 7 9 10 11 12 13 | 13.3
Transmutations | 3 4 5 6 7 8 9 11 | 11.5
Stealth        | 1 2 3 4 5 6 7 8 9 10 | 10.4
Unarmed Combat | 4 5 7 8 9 10 11 13 | 13.7
Spellcasting   | 3 4 5 6 7 8 |  8.4
Shields        | 2 4 |  4.0

Action                   |  1- 3 |  4- 6 |  7- 9 | 10-12 | 13-15 || total
-------------------------+-------+-------+-------+-------+-------++-------
Melee: Unarmed           |   112 |   207 |   544 |   670 |   617 ||  2150
       Headbutt          |     1 |       |       |       |       ||     1
       Punch             |       |     2 |     2 |     3 |       ||     7
       Tailslap          |       |       |     5 |     3 |     3 ||    11
       Staff             |       |       |       |     2 |       ||     2
 Cast: Beastly Appendage |     3 |       |       |       |       ||     3
       Sticks to Snakes  |     3 |       |       |    13 |       ||    16
       Spider Form       |     2 |    14 |    47 |    56 |    55 ||   174
       Blade Hands       |       |       |       |     8 |     1 ||     9
       Petrify           |       |       |       |       |     6 ||     6
       Alistair's Intoxi |       |       |       |       |     1 ||     1
Evoke: Wand              |       |       |       |     1 |    17 ||    18
  Use: Scroll            |       |     4 |    12 |     5 |     6 ||    27
       Potion            |       |       |       |     5 |     4 ||     9
 Stab: Sleeping          |     2 |     1 |    12 |    20 |     6 ||    41
       Distracted        |       |     1 |     2 |     6 |     5 ||    14
       Paralysed         |       |       |       |     2 |       ||     2
  Eat: Chunk             |     3 |    11 |    12 |       |       ||    26
       Ration            |       |       |     4 |    11 |     9 ||    24
Armor: Robe              |    21 |    31 |    37 |       |       ||    89
       Skin              |       |     1 |     9 |     9 |     7 ||    26
       Leather armour    |       |       |     3 |    24 |    14 ||    41
Dodge: Dodged            |   104 |   198 |   493 |   641 |   669 ||  2105
Block: Other             |       |       |     6 |    29 |    36 ||    71
       Buckler           |       |       |       |    46 |    40 ||    86
       Reflection        |       |       |       |     4 |       ||     4
